 Dungeon Crawl Stone Soup version 0.31-a0-152-g6aa68a64a1 (webtiles) character file.

Game seed: 16759923693894787871

43656 qw the Severer (level 14, -5/90 HPs)
             Began as a Gargoyle Fighter on June 11, 2023.
             Was a High Priest of Okawaru.
             Slain by a tyrant leech (10 damage)
             ... on level 5 of the Lair of Beasts.
             The game lasted 00:08:07 (13690 turns).

qw the Severer (Gargoyle Fighter)                  Turns: 13690, Time: 00:08:07

Health: -5/90      AC: 34    Str: 25    XL:     14   Next: 25%
Magic:  21/21      EV: 14    Int:  9    God:    Okawaru [*****.]
Gold:   761        SH:  6    Dex:  9    Spells: 13/13 levels left

rFire   . . .        Y - +4 broad axe
rCold   . . .        c - +0 buckler
rNeg    + . .        v - +0 plate armour
rPois   inf          u - +2 helmet
rElec   +            (no cloak)
rCorr   .            h - +2 pair of gloves
SInv    +            (no boots)
Will    +....        i - amulet of faith Stlth
                     b - ring of see invisible
HPRegen 0.35/turn    s - +5 ring of evasion
MPRegen 0.17/turn

%: faith
@: heroic, flying
A: sickness immunity, AC +10, big wings, negative energy resistance 1,
electricity resistance, torment resistance 1, petrification resistance
a: Renounce Religion, Heroism, Finesse, Duel


You were on level 5 of the Lair of Beasts.
You worshipped Okawaru.
Okawaru was extremely pleased with you.
You visited 3 branches of the dungeon, and saw 15 of its levels.

You collected 761 gold pieces.


Innate Abilities, Weirdness & Mutations

You are immune to sickness and miasma.
Your stone body is resilient. (AC +10)
You are immune to poison.
Your large and strong wings let you fly.
You resist negative energy. (rN+)
You are resistant to electric shocks. (rElec)
You are resistant to unholy torment.
You are immune to petrification.


   Skills:
 + Level 11.5(16.5) Fighting
 - Level 15.0(20.0) Axes
 - Level 6.0(11.0) Throwing
 - Level 10.0(15.0) Armour
 - Level 2.0(7.0) Dodging
 - Level 7.0(12.0) Shields
 - Level 10.0 Invocations


You had 13 spell levels left.
You didn't know any spells.
Your spell library was empty.

Inventory:

Hand Weapons
 m - a +0 flail
 w - a +1 demon whip of venom
 Y - a +4 broad axe (weapon)
Armour
 c - a +0 buckler (worn)
 h - a +2 pair of gloves (worn)
 u - a +2 helmet (worn)
 v - a +0 plate armour (worn)
Jewellery
 b - a ring of see invisible (left hand)
 i - an amulet of faith (around neck)
 o - an amulet of regeneration
 r - a ring of fire
 s - a +5 ring of evasion (right hand)
 x - a ring of ice
 y - a ring of willpower
Wands
 t - a wand of digging (3)
Scrolls
 f - 2 scrolls of identify
Potions
 a - a potion of magic
 d - a potion of might
 e - a potion of attraction
 g - a potion of resistance
 j - 3 potions of haste
 k - 2 potions of lignification
 l - a potion of cancellation
 n - 5 potions of curing
 p - 2 potions of mutation

Dungeon Overview and Level Annotations

Branches:
Dungeon (9/15)             Temple (1/1) D:4            Lair (5/5) D:9
 Shoals (0/4) Lair:2       Spider (0/4) Lair:2
  Slime: Lair:4-5       Orc: D:9-12

Altars:
Ashenzari
Cheibriados
Dithmenos
Elyvilon
Fedhas
Gozag
Hepliaklqana
Kikubaaqudgha
Makhleb
Nemelex Xobeh
Okawaru
Qazlal
Ru
Trog
Vehumet
Wu Jian
Yredelemnul
Zin
The Shining One

Shops:
D:7 ::(

Annotations:
Lair:3 1 runed translucent door, qw's ghost, journeyman MiHu


Message History

You kill the bullfrog!
Okawaru accepts your kill.
You closely miss the tyrant leech.
The electric eel shoots out a bolt of lightning at you!
The bolt of electricity hits you. You resist.
Your base Axes skill increases to level 15!
You barely miss the tyrant leech. The tyrant leech bites you.
The blink frog blinks!
The electric eel shoots out a bolt of lightning at you!
The bolt of electricity hits you. You resist.
You slash the tyrant leech!
The tyrant leech is lightly wounded.
You are no longer corroded.
The blink frog blinks!
The tyrant leech closely misses you.
You slash the tyrant leech!
The tyrant leech is moderately wounded.
You hit the tyrant leech but do no damage.
The tyrant leech is moderately wounded.
You barely miss the blink frog. The blink frog closely misses you.
You block the tyrant leech's attack.
You slice the tyrant leech!!
The tyrant leech is severely wounded.
You slash the blink frog! You closely miss the bullfrog.
The bullfrog closely misses you.
The blink frog blinks!
You hit the tyrant leech.
The tyrant leech is almost dead.
You slash the bullfrog! The bullfrog closely misses you.
The blink frog blinks!
You block the tyrant leech's attack.
You closely miss the tyrant leech.
The tyrant leech is almost dead.
You hit the bullfrog.
The bullfrog hits you but does no damage.
You hit the tyrant leech but do no damage.
The tyrant leech is almost dead.
You miss the blink frog. You slash the bullfrog!
You kill the bullfrog!
Okawaru accepts your kill. The tyrant leech bites you!
You die...

# ### ... # ..#
#P..# #. .## ....
.. ..# ##...# .#
.## #..#.# .# ~~
.# #....##.# .~~~
.# #...#F#.S..P .#
#...@....... .#
##..)w#....~. .###
#######...%.#
.....
.#P###%#.#...F..##
...~
......%%.......ยค#
~P.
###...%.#.[#....#
..
#..##....#........
.
#.#........(..#.##
###.##...P.#(##..#


You could see a tyrant leech, 2 blink frogs and an electric eel.

Vanquished Creatures
  Snorg (Lair:3)
  Fannar (Lair:1)
  A catoblepas (Lair:5)
  3 hydras
  A two-headed ogre (D:9)
  4 death yaks (Lair:4)
  6 skysharks
  Amaemon (Lair:3)
  A goliath frog (Lair:5)
  A wolf spider (Lair:2)
  A merfolk siren (Lair:2)
  7 black mambas
  20 elephants
  An orange demon (Lair:3)
  13 cane toads
  Maggie (D:7)
  3 rime drakes
  5 komodo dragons
  3 polar bears
  A queen bee (Lair:3)
  6 blink frogs
  Prince Ribbit (D:7)
  4 dream sheep (Lair:3)
  4 wyverns
  A spriggan (Lair:2)
  25 yaks
  8 basilisks
  A vampire mosquito (Lair:5)
  3 steam dragons
  Menkaure (D:7)
  10 water moccasins
  2 wargs (D:9)
  2 orc warriors
  2 sky beasts (D:8)
  3 black bears
  3 ice beasts
  2 ogres
  2 centaurs
  7 wolves
  21 bullfrogs
  3 phantoms
  A gnoll sergeant (D:8)
  5 scorpions
  3 wights (D:7)
  40 killer bees
  A howler monkey (D:6)
  2 hounds
  A jelly (D:6)
  7 orc priests
  2 sleepcaps
  Ijyb (D:3)
  A hell rat (Lair:3)
  4 iguanas
  14 orc wizards
  3 gnolls (D:8)
  7 adders
  A river rat (Lair:3)
  2 white imps
  5 worms
  5 dart slugs
  25 orcs
  7 ball pythons
  7 endoplasms
  3 giant cockroaches (D:2)
  9 hobgoblins
  8 jackals
  7 quokkas
  2 bats
  3 frilled lizards
  16 goblins
  6 kobolds
  8 rats
392 creatures vanquished.

Notes
Turn   | Place    | Note
-------+----------+-------------------------------------------
     0 | D:1      | qw the Gargoyle Fighter began the quest for the Orb.
     0 | D:1      | Reached XP level 1. HP: 14/14 MP: 1/1
     0 | D:1      | 0 ||| qw: Version: 0.2-a-29-g99eb96e
     0 | D:1      | 0 ||| qw: Game counter: 4087
     0 | D:1      | 0 ||| qw: Always use a shield: true
     0 | D:1      | 0 ||| qw: God list: Okawaru
     0 | D:1      | 0 ||| qw: Allow faded altars: false
     0 | D:1      | 0 ||| qw: Do Orc after D:15 true
     0 | D:1      | 0 ||| qw: Do second Lair branch before Depths: true
     0 | D:1      | 0 ||| qw: Lair rune preference: random
     0 | D:1      | 0 ||| qw: Plans: Normal, Zot:1-4, Slime:5, God:TSO, Crypt,
                  | Tomb, Abyss, Pan, Hells, Win
     0 | D:1      | 0 ||| PLANNING D:1-11
    40 | D:1      | Reached skill level 2 in Axes
   182 | D:1      | Reached XP level 2. HP: 19/19 MP: 2/2
   195 | D:1      | Found a faded altar of an unknown god.
   198 | D:1      | 198 ||| Stepping ~*~*~tactically~*~*~ (stealth).
   228 | D:1      | 228 ||| Stepping ~*~*~tactically~*~*~ (hiding).
   302 | D:1      | Reached skill level 3 in Axes
   519 | D:1      | 519 ||| READING scroll labelled VIUQACL KOT AFUW.
   524 | D:1      | 524 ||| READING scroll labelled QUSEUT PIHICZO.
   525 | D:1      | 525 ||| READING scroll labelled PERETI OVIHUQI.
   526 | D:1      | 526 ||| READING scroll labelled LOSETE PIBBU.
   598 | D:2      | Reached XP level 3. HP: 23/23 MP: 3/3
   691 | D:2      | 691 ||| Stepping ~*~*~tactically~*~*~ (stealth).
   693 | D:2      | 693 ||| Stepping ~*~*~tactically~*~*~ (stealth).
   705 | D:2      | Reached XP level 4. HP: 26/28 MP: 4/4
   797 | D:2      | 797 ||| Stepping ~*~*~tactically~*~*~ (stealth).
   799 | D:2      | 799 ||| Stepping ~*~*~tactically~*~*~ (hiding).
   815 | D:2      | Reached skill level 4 in Axes
   817 | D:2      | 817 ||| DROPPING +0 club.
   866 | D:2      | 866 ||| Stepping ~*~*~tactically~*~*~ (stealth).
  1196 | D:2      | 1196 ||| READING 2 scrolls labelled GOZIOPP ZOPAV.
  1197 | D:2      | 1197 ||| READING scroll of enchant weapon.
  1197 | D:2      | 1197 ||| ENCHANTING +1 war axe.
  1198 | D:2      | 1198 ||| READING scroll labelled ZEONTI FAKLI.
  1348 | D:3      | 1348 ||| Stepping ~*~*~tactically~*~*~ (hiding).
  1618 | D:3      | Noticed a phantom
  1627 | D:3      | Killed a phantom
  1628 | D:3      | Reached skill level 5 in Axes
  1628 | D:3      | Reached XP level 5. HP: 27/32 MP: 5/5
  1699 | D:3      | 1699 ||| FLEEEEING.
  1723 | D:3      | 1723 ||| FLEEEEING.
  1741 | D:3      | 1741 ||| FLEEEEING.
  1769 | D:3      | 1769 ||| FLEEEEING.
  1830 | D:3      | 1830 ||| Stepping ~*~*~tactically~*~*~ (hiding).
  1958 | D:3      | 1958 ||| Stepping ~*~*~tactically~*~*~ (hiding).
  1959 | D:3      | 1959 ||| Stepping ~*~*~tactically~*~*~ (hiding).
  1960 | D:3      | 1960 ||| Stepping ~*~*~tactically~*~*~ (hiding).
  2074 | D:3      | Noticed Ijyb
  2075 | D:3      | 2075 ||| Stepping ~*~*~tactically~*~*~ (stealth).
  2084 | D:3      | HP: 7/32 [constriction (3)]
  2085 | D:3      | 2085 ||| READING scroll of teleportation.
  2089 | D:3      | 2089 ||| FLEEEEING.
  2090 | D:3      | 2090 ||| FLEEEEING.
  2091 | D:3      | 2091 ||| FLEEEEING.
  2092 | D:3      | 2092 ||| FLEEEEING.
  2093 | D:3      | 2093 ||| FLEEEEING.
  2094 | D:3      | 2094 ||| FLEEEEING.
  2095 | D:3      | 2095 ||| FLEEEEING.
  2096 | D:3      | 2096 ||| FLEEEEING.
  2097 | D:3      | 2097 ||| FLEEEEING.
  2098 | D:3      | 2098 ||| FLEEEEING.
  2099 | D:3      | 2099 ||| FLEEEEING.
  2100 | D:3      | 2100 ||| FLEEEEING.
  2101 | D:3      | 2101 ||| FLEEEEING.
  2102 | D:3      | 2102 ||| FLEEEEING.
  2103 | D:3      | 2103 ||| FLEEEEING.
  2104 | D:3      | 2104 ||| FLEEEEING.
  2105 | D:3      | 2105 ||| FLEEEEING.
  2106 | D:3      | 2106 ||| FLEEEEING.
  2107 | D:3      | 2107 ||| FLEEEEING.
  2108 | D:3      | 2108 ||| FLEEEEING.
  2109 | D:3      | 2109 ||| FLEEEEING.
  2110 | D:3      | 2110 ||| FLEEEEING.
  2111 | D:3      | 2111 ||| FLEEEEING.
  2112 | D:3      | 2112 ||| FLEEEEING.
  2113 | D:3      | 2113 ||| FLEEEEING.
  2114 | D:3      | 2114 ||| FLEEEEING.
  2115 | D:3      | 2115 ||| FLEEEEING.
  2116 | D:3      | 2116 ||| FLEEEEING.
  2117 | D:3      | 2117 ||| FLEEEEING.
  2118 | D:3      | 2118 ||| FLEEEEING.
  2119 | D:3      | 2119 ||| FLEEEEING.
  2120 | D:3      | 2120 ||| FLEEEEING.
  2121 | D:3      | 2121 ||| FLEEEEING.
  2122 | D:3      | 2122 ||| FLEEEEING.
  2123 | D:3      | 2123 ||| FLEEEEING.
  2124 | D:3      | 2124 ||| FLEEEEING.
  2125 | D:3      | 2125 ||| FLEEEEING.
  2126 | D:3      | 2126 ||| FLEEEEING.
  2127 | D:3      | 2127 ||| FLEEEEING.
  2128 | D:3      | 2128 ||| FLEEEEING.
  2129 | D:3      | 2129 ||| FLEEEEING.
  2130 | D:3      | 2130 ||| FLEEEEING.
  2131 | D:3      | 2131 ||| FLEEEEING.
  2132 | D:3      | 2132 ||| FLEEEEING.
  2133 | D:3      | 2133 ||| FLEEEEING.
  2134 | D:3      | 2134 ||| FLEEEEING.
  2135 | D:3      | 2135 ||| FLEEEEING.
  2136 | D:3      | 2136 ||| FLEEEEING.
  2137 | D:3      | 2137 ||| FLEEEEING.
  2138 | D:3      | 2138 ||| FLEEEEING.
  2139 | D:3      | 2139 ||| FLEEEEING.
  2140 | D:3      | 2140 ||| FLEEEEING.
  2141 | D:3      | 2141 ||| FLEEEEING.
  2142 | D:3      | 2142 ||| FLEEEEING.
  2143 | D:3      | 2143 ||| FLEEEEING.
  2144 | D:3      | 2144 ||| FLEEEEING.
  2145 | D:3      | 2145 ||| FLEEEEING.
  2146 | D:3      | 2146 ||| FLEEEEING.
  2147 | D:3      | 2147 ||| FLEEEEING.
  2148 | D:3      | 2148 ||| FLEEEEING.
  2149 | D:3      | 2149 ||| FLEEEEING.
  2150 | D:3      | 2150 ||| FLEEEEING.
  2151 | D:3      | 2151 ||| FLEEEEING.
  2152 | D:3      | 2152 ||| FLEEEEING.
  2153 | D:3      | 2153 ||| FLEEEEING.
  2154 | D:3      | 2154 ||| FLEEEEING.
  2155 | D:3      | 2155 ||| FLEEEEING.
  2156 | D:3      | 2156 ||| FLEEEEING.
  2157 | D:3      | 2157 ||| FLEEEEING.
  2158 | D:3      | 2158 ||| FLEEEEING.
  2159 | D:3      | 2159 ||| FLEEEEING.
  2160 | D:3      | 2160 ||| FLEEEEING.
  2161 | D:3      | 2161 ||| FLEEEEING.
  2162 | D:3      | 2162 ||| FLEEEEING.
  2163 | D:3      | 2163 ||| FLEEEEING.
  2164 | D:3      | 2164 ||| FLEEEEING.
  2165 | D:3      | 2165 ||| FLEEEEING.
  2166 | D:3      | 2166 ||| FLEEEEING.
  2167 | D:3      | 2167 ||| FLEEEEING.
  2168 | D:3      | 2168 ||| FLEEEEING.
  2169 | D:3      | 2169 ||| FLEEEEING.
  2170 | D:3      | 2170 ||| FLEEEEING.
  2171 | D:3      | 2171 ||| FLEEEEING.
  2172 | D:3      | 2172 ||| FLEEEEING.
  2173 | D:3      | 2173 ||| FLEEEEING.
  2174 | D:3      | 2174 ||| FLEEEEING.
  2175 | D:3      | 2175 ||| FLEEEEING.
  2176 | D:3      | 2176 ||| FLEEEEING.
  2177 | D:3      | 2177 ||| FLEEEEING.
  2178 | D:3      | 2178 ||| FLEEEEING.
  2852 | D:3      | 2852 ||| Stepping ~*~*~tactically~*~*~ (stealth).
  2859 | D:3      | 2859 ||| FLEEEEING.
  2862 | D:3      | 2862 ||| FLEEEEING.
  2864 | D:3      | 2864 ||| FLEEEEING.
  2927 | D:3      | 2927 ||| FLEEEEING.
  2988 | D:3      | 2988 ||| FLEEEEING.
  3026 | D:3      | 3026 ||| FLEEEEING.
  3095 | D:3      | 3095 ||| FLEEEEING.
  3118 | D:3      | 3118 ||| FLEEEEING.
  3167 | D:3      | 3167 ||| FLEEEEING.
  3203 | D:3      | 3203 ||| FLEEEEING.
  3245 | D:3      | 3245 ||| FLEEEEING.
  3300 | D:3      | Killed Ijyb
  3301 | D:3      | Reached XP level 6. HP: 35/38 MP: 6/6
  3345 | D:3      | 3345 ||| UPGRADING to +0 chain mail.
  3355 | D:3      | 3355 ||| DROPPING +0 scale mail.
  3356 | D:3      | 3356 ||| UPGRADING to ring of willpower.
  3357 | D:3      | 3357 ||| READING scroll labelled KUUR LENTOSY.
  3358 | D:3      | 3358 ||| READING scroll labelled HAEZUI XUFAOT.
  3359 | D:3      | 3359 ||| READING scroll labelled JUASAE HEOFULE.
  3360 | D:3      | 3360 ||| READING scroll labelled ALEVOTHUOT.
  3361 | D:3      | 3361 ||| DRINKING 2 bubbling blue potions.
  3410 | D:4      | 3410 ||| PLANNING SEWER
  3415 | D:4      | 3415 ||| STAIRDANCE
  3528 | D:4      | 3528 ||| Stepping ~*~*~tactically~*~*~ (stealth).
  3534 | D:4      | Reached skill level 6 in Axes
  3619 | D:4      | 3619 ||| Stepping ~*~*~tactically~*~*~ (stealth).
  3628 | D:4      | Found a blossoming altar of Fedhas.
  3689 | D:4      | Found a staircase to the Ecumenical Temple.
  3739 | D:4      | 3739 ||| DROPPING +0 whip.
  3886 | D:4      | Reached skill level 1 in Dodging
  3886 | D:4      | Reached XP level 7. HP: 43/43 MP: 7/7
  3944 | D:4      | 3944 ||| Stepping ~*~*~tactically~*~*~ (stealth).
  3946 | D:4      | 3946 ||| Stepping ~*~*~tactically~*~*~ (stealth).
  3982 | D:4      | 3982 ||| Stepping ~*~*~tactically~*~*~ (stealth).
  3996 | D:4      | 3996 ||| Stepping ~*~*~tactically~*~*~ (stealth).
  4035 | D:4      | 4035 ||| RIP SEWER
  4040 | D:4      | 4040 ||| PLANNING TEMPLE
  4041 | D:4      | 4041 ||| UPGRADING to amulet of regeneration.
  4046 | D:4      | 4046 ||| READING 2 scrolls labelled NAP XIUSIOG.
  4047 | D:4      | 4047 ||| DRINKING 2 coppery potions.
  4048 | D:4      | 4048 ||| DRINKING 2 cyan potions.
  4049 | D:4      | 4049 ||| READING 2 scrolls of identify.
  4049 | D:4      | 4049 ||| IDENTIFYING pink potion
  4050 | D:4      | 4050 ||| DROPPING scroll of magic mapping.
  4051 | D:4      | 4051 ||| DROPPING potion of degeneration.
  4096 | Temple   | Entered the Ecumenical Temple
  4110 | Temple   | 4110 ||| PLANNING OKAWARU WORSHIP
  4162 | Temple   | Became a worshipper of Warmaster Okawaru
  4162 | Temple   | 4162 ||| PLANNING D:1-11
  4332 | D:4      | 4332 ||| Stepping ~*~*~tactically~*~*~ (water).
  4334 | D:4      | 4334 ||| Stepping ~*~*~tactically~*~*~ (water).
  4336 | D:4      | 4336 ||| Stepping ~*~*~tactically~*~*~ (water).
  4338 | D:4      | 4338 ||| Stepping ~*~*~tactically~*~*~ (water).
  4349 | D:4      | 4349 ||| Stepping ~*~*~tactically~*~*~ (water).
  4351 | D:4      | 4351 ||| Stepping ~*~*~tactically~*~*~ (water).
  4353 | D:4      | 4353 ||| Stepping ~*~*~tactically~*~*~ (water).
  4468 | D:5      | Entered Level 5 of the Dungeon
  4821 | D:5      | Reached skill level 7 in Axes
  4834 | D:5      | Reached XP level 8. HP: 38/48 MP: 8/8
  4964 | D:5      | Reached skill level 1 in Throwing
  5026 | D:5      | 5026 ||| Stepping ~*~*~tactically~*~*~ (hiding).
  5029 | D:5      | 5029 ||| Stepping ~*~*~tactically~*~*~ (stealth).
  5030 | D:5      | 5030 ||| Stepping ~*~*~tactically~*~*~ (stealth).
  5583 | D:5      | 5583 ||| UPGRADING to +0 pair of gloves.
  5588 | D:5      | 5588 ||| UPGRADING to +0 helmet.
  5593 | D:5      | 5593 ||| READING scroll labelled WOREYXEUWYC.
  5594 | D:5      | 5594 ||| DRINKING 2 dark potions.
  5595 | D:5      | 5595 ||| DRINKING 2 fuming grey potions.
  5638 | D:5      | 5638 ||| READING 2 scrolls of identify.
  5638 | D:5      | 5638 ||| IDENTIFYING sedimented sapphire potion
  5703 | D:6      | 5703 ||| READING scroll of enchant armour.
  5703 | D:6      | 5703 ||| ENCHANTING +0 pair of gloves.
  5738 | D:6      | Reached skill level 8 in Axes
  5814 | D:6      | Reached * piety under Okawaru
  5815 | D:6      | Reached skill level 6 in Fighting
  5971 | D:6      | Reached skill level 1 in Invocations
  6038 | D:6      | Reached XP level 9. HP: 55/55 MP: 10/10
  6042 | D:6      | 6042 ||| READING scroll of enchant weapon.
  6042 | D:6      | 6042 ||| ENCHANTING +2 heavy war axe.
  6054 | D:6      | Found a radiant altar of Vehumet.
  6102 | D:6      | 6102 ||| INVOKING Heroism.
  6120 | D:6      | 6120 ||| INVOKING Heroism.
  6127 | D:6      | Reached skill level 3 in Invocations
  6257 | D:6      | 6257 ||| UPGRADING to +5 ring of evasion.
  6295 | D:7      | Found Horag's Antique Weapon Shop.
  6297 | D:7      | 6297 ||| Stepping ~*~*~tactically~*~*~ (stealth).
  6298 | D:7      | 6298 ||| Stepping ~*~*~tactically~*~*~ (stealth).
  6299 | D:7      | 6299 ||| INVOKING Heroism.
  6315 | D:7      | Found Samnuf's Book Emporium.
  6332 | D:7      | Found Hihoij's Book Shoppe.
  6350 | D:7      | 6350 ||| INVOKING Heroism.
  6397 | D:7      | Reached skill level 9 in Axes
  6421 | D:7      | 6421 ||| Stepping ~*~*~tactically~*~*~ (hiding).
  6445 | D:7      | Noticed Menkaure
  6446 | D:7      | 6446 ||| Stepping ~*~*~tactically~*~*~ (hiding).
  6450 | D:7      | 6450 ||| INVOKING Heroism.
  6452 | D:7      | Killed Menkaure
  6477 | D:7      | Noticed Prince Ribbit
  6478 | D:7      | 6478 ||| INVOKING Heroism.
  6483 | D:7      | Killed Prince Ribbit
  6527 | D:7      | Noticed Maggie
  6536 | D:7      | Killed Maggie
  6536 | D:7      | Reached ** piety under Okawaru
  6539 | D:7      | 6539 ||| SWAPPING to +4 broad axe.
  6546 | D:7      | 6546 ||| DROPPING +3 heavy war axe.
  6571 | D:7      | Found an ancient bone altar of Kikubaaqudgha.
  6595 | D:7      | 6595 ||| Stepping ~*~*~tactically~*~*~ (hiding).
  6613 | D:7      | 6613 ||| INVOKING Heroism.
  6766 | D:7      | 6766 ||| Stepping ~*~*~tactically~*~*~ (hiding).
  6767 | D:7      | 6767 ||| Stepping ~*~*~tactically~*~*~ (hiding).
  6768 | D:7      | 6768 ||| Stepping ~*~*~tactically~*~*~ (hiding).
  6770 | D:7      | Reached XP level 10. HP: 63/63 MP: 13/13
  6833 | D:7      | 6833 ||| UPGRADING to +0 plate armour.
  6843 | D:7      | 6843 ||| DROPPING +0 chain mail.
  6844 | D:7      | 6844 ||| READING 2 scrolls of identify.
  6844 | D:7      | 6844 ||| IDENTIFYING bubbling grey potion
  6845 | D:7      | 6845 ||| DROPPING potion of enlightenment.
  7042 | D:8      | 7042 ||| Stepping ~*~*~tactically~*~*~ (stealth).
  7044 | D:8      | 7044 ||| Stepping ~*~*~tactically~*~*~ (stealth).
  7053 | D:8      | Reached skill level 6 in Armour
  7061 | D:8      | Reached skill level 10 in Axes
  7062 | D:8      | 7062 ||| INVOKING Heroism.
  7436 | D:8      | 7436 ||| Stepping ~*~*~tactically~*~*~ (stealth).
  7479 | D:8      | 7479 ||| READING scroll labelled CUIMEM SONEA.
  7480 | D:8      | 7480 ||| DRINKING 3 fizzy pink potions.
  7535 | D:9      | Found a staircase to the Lair.
  7536 | D:9      | 7536 ||| Stepping ~*~*~tactically~*~*~ (hiding).
  7542 | D:9      | 7542 ||| INVOKING Heroism.
  7571 | D:9      | 7571 ||| Stepping ~*~*~tactically~*~*~ (hiding).
  7576 | D:9      | Reached *** piety under Okawaru
  7605 | D:9      | Identified the amulet of Goastix {RegenMP -Tele Will-
                  | Dex+9}
  7606 | D:9      | 7606 ||| Stepping ~*~*~tactically~*~*~ (hiding).
  7610 | D:9      | 7610 ||| INVOKING Heroism.
  7671 | D:9      | Noticed a two-headed ogre
  7672 | D:9      | 7672 ||| INVOKING Heroism.
  7685 | D:9      | 7685 ||| INVOKING Heroism.
  7692 | D:9      | Killed a two-headed ogre
  7695 | D:9      | Reached skill level 11 in Axes
  7749 | D:9      | 7749 ||| Stepping ~*~*~tactically~*~*~ (stealth).
  7896 | D:9      | 7896 ||| Stepping ~*~*~tactically~*~*~ (stealth).
  7899 | D:9      | 7899 ||| Stepping ~*~*~tactically~*~*~ (stealth).
  7901 | D:9      | 7901 ||| Stepping ~*~*~tactically~*~*~ (stealth).
  7912 | D:9      | Reached XP level 11. HP: 69/69 MP: 14/14
  7916 | D:9      | Reached skill level 9 in Fighting
  7924 | D:9      | Reached **** piety under Okawaru
  8165 | D:9      | Found a burning altar of Makhleb.
  8299 | D:9      | 8299 ||| DROPPING amulet of Goastix {RegenMP -Tele Will-
                  | Dex+9}.
  8300 | D:9      | 8300 ||| READING scroll labelled REEMMO FUAFIE.
  8300 | D:9      | Identified a scroll of acquirement
  8300 | D:9      | 8300 ||| ACQUIRING ring of see invisible
  8300 | D:9      | Acquired a ring of see invisible
  8301 | D:9      | 8301 ||| READING 4 scrolls of identify.
  8301 | D:9      | 8301 ||| IDENTIFYING murky purple potion
  8302 | D:9      | 8302 ||| READING 3 scrolls of identify.
  8302 | D:9      | 8302 ||| IDENTIFYING blue potion
  8303 | D:9      | 8303 ||| DROPPING potion of berserk rage.
  8445 | D:9      | 8445 ||| UPGRADING to ring of see invisible.
  8548 | D:9      | 8548 ||| DRINKING 4 potions of curing.
  8548 | D:9      | 8548 ||| (to cure confusion)
  8557 | D:9      | 8557 ||| PLANNING LAIR
  8557 | D:9      | 8557 ||| UPGRADING to +2 helmet.
  8567 | D:9      | 8567 ||| DROPPING +0 helmet.
  8640 | Lair:1   | Entered Level 1 of the Lair of Beasts
  8640 | Lair:1   | Found a frozen archway.
  8642 | Lair:1   | 8642 ||| Stepping ~*~*~tactically~*~*~ (stealth).
  8671 | Lair:1   | 8671 ||| INVOKING Heroism.
  8725 | Lair:1   | 8725 ||| READING scroll of enchant armour.
  8725 | Lair:1   | 8725 ||| ENCHANTING +1 pair of gloves.
  8749 | Lair:1   | 8749 ||| Stepping ~*~*~tactically~*~*~ (stealth).
  8750 | Lair:1   | 8750 ||| Stepping ~*~*~tactically~*~*~ (stealth).
  8751 | Lair:1   | 8751 ||| INVOKING Heroism.
  8779 | Lair:1   | 8779 ||| INVOKING Heroism.
  8819 | Lair:1   | 8819 ||| INVOKING Heroism.
  8871 | Lair:1   | 8871 ||| Stepping ~*~*~tactically~*~*~ (stealth).
  8879 | Lair:1   | 8879 ||| Stepping ~*~*~tactically~*~*~ (hiding).
  8997 | Lair:1   | 8997 ||| Stepping ~*~*~tactically~*~*~ (stealth).
  9002 | Lair:1   | 9002 ||| INVOKING Heroism.
  9007 | Lair:1   | Reached skill level 12 in Axes
  9039 | Lair:1   | Noticed Fannar
  9045 | Lair:1   | 9045 ||| INVOKING Heroism.
  9066 | Lair:1   | HP: 5/71 [Fannar/bolt of cold (29)]
  9067 | Lair:1   | 9067 ||| READING 3 scrolls of teleportation.
  9068 | Lair:1   | 9068 ||| DRINKING potion of heal wounds.
  9118 | Lair:1   | 9118 ||| INVOKING Heroism.
  9247 | Lair:1   | 9247 ||| Stepping ~*~*~tactically~*~*~ (stealth).
  9253 | Lair:1   | 9253 ||| Stepping ~*~*~tactically~*~*~ (stealth).
  9266 | Lair:1   | 9266 ||| INVOKING Heroism.
  9267 | Lair:1   | HP: 17/71 [Fannar/+0 quarterstaff of freezing (2)]
  9268 | Lair:1   | 9268 ||| READING 3 scrolls of teleportation.
  9272 | Lair:1   | Killed Fannar
  9273 | Lair:1   | Reached skill level 6 in Shields
  9436 | Lair:1   | 9436 ||| DROPPING amulet of magic regeneration.
  9437 | Lair:1   | 9437 ||| READING scroll labelled DYFANOBBIM.
  9448 | Lair:2   | You fall into a shaft and drop 2 floors!
  9450 | Lair:4   | 9450 ||| Stepping ~*~*~tactically~*~*~ (stealth).
  9466 | Lair:4   | 9466 ||| INVOKING Heroism.
  9510 | Lair:4   | 9510 ||| Stepping ~*~*~tactically~*~*~ (stealth).
  9541 | Lair:4   | 9541 ||| READING 2 scrolls of identify.
  9541 | Lair:4   | 9541 ||| IDENTIFYING sapphire potion
  9624 | Lair:3   | Reached skill level 6 in Invocations
  9644 | Lair:3   | 9644 ||| INVOKING Heroism.
  9645 | Lair:3   | 9645 ||| Stepping ~*~*~tactically~*~*~ (stealth).
  9650 | Lair:3   | Noticed a skyshark
  9651 | Lair:3   | Reached skill level 9 in Armour
  9658 | Lair:3   | Reached XP level 12. HP: 76/76 MP: 14/16
  9662 | Lair:3   | Killed a skyshark
  9696 | Lair:2   | 9696 ||| INVOKING Heroism.
  9878 | Lair:2   | 9878 ||| Stepping ~*~*~tactically~*~*~ (stealth).
  9887 | Lair:2   | Received a gift from Okawaru
  9898 | Lair:2   | 9898 ||| Stepping ~*~*~tactically~*~*~ (stealth).
  9908 | Lair:2   | 9908 ||| INVOKING Heroism.
 10009 | Lair:2   | Found a staircase to the Shoals.
 10128 | Lair:2   | Reached ***** piety under Okawaru
 10200 | Lair:2   | Found a hole to the Spider Nest.
 10201 | Lair:2   | 10201 ||| INVOKING Heroism.
 10464 | Lair:2   | 10464 ||| Stepping ~*~*~tactically~*~*~ (hiding).
 10485 | Lair:2   | Noticed a skyshark
 10495 | Lair:2   | Killed a skyshark
 10496 | Lair:2   | Reached skill level 9 in Invocations
 10660 | Lair:2   | 10660 ||| UPGRADING to amulet of faith.
 10670 | Lair:2   | 10670 ||| READING scroll labelled LEBRICZ QE KOZUB.
 10729 | Lair:3   | Noticed Amaemon
 10730 | Lair:3   | 10730 ||| Stepping ~*~*~tactically~*~*~ (hiding).
 10747 | Lair:3   | 10747 ||| Stepping ~*~*~tactically~*~*~ (stealth).
 10748 | Lair:3   | 10748 ||| Stepping ~*~*~tactically~*~*~ (stealth).
 10749 | Lair:3   | 10749 ||| Stepping ~*~*~tactically~*~*~ (stealth).
 10770 | Lair:3   | 10770 ||| INVOKING Heroism.
 10786 | Lair:3   | Killed Amaemon
 10792 | Lair:3   | 10792 ||| Stepping ~*~*~tactically~*~*~ (stealth).
 10796 | Lair:3   | 10796 ||| Stepping ~*~*~tactically~*~*~ (stealth).
 10886 | Lair:3   | Found a runed translucent door.
 10908 | Lair:3   | 10908 ||| INVOKING Heroism.
 10910 | Lair:3   | Noticed a six-headed hydra
 10911 | Lair:3   | 10911 ||| INVOKING Finesse.
 10917 | Lair:3   | 10917 ||| SWAPPING to +1 demon whip of venom.
 10928 | Lair:3   | Killed a six-headed hydra
 10929 | Lair:3   | 10929 ||| SWAPPING to +4 broad axe.
 11037 | Lair:3   | 11037 ||| Stepping ~*~*~tactically~*~*~ (hiding).
 11038 | Lair:3   | 11038 ||| Stepping ~*~*~tactically~*~*~ (stealth).
 11056 | Lair:3   | Reached skill level 3 in Throwing
 11061 | Lair:3   | Reached skill level 13 in Axes
 11063 | Lair:3   | 11063 ||| INVOKING Heroism.
 11082 | Lair:3   | Reached XP level 13. HP: 56/82 MP: 20/20
 11106 | Lair:3   | 11106 ||| INVOKING Heroism.
 11136 | Lair:3   | Received a gift from Okawaru
 11143 | Lair:3   | 11143 ||| Stepping ~*~*~tactically~*~*~ (stealth).
 11151 | Lair:3   | 11151 ||| Stepping ~*~*~tactically~*~*~ (cloud).
 11152 | Lair:3   | 11152 ||| Stepping ~*~*~tactically~*~*~ (cloud).
 11155 | Lair:3   | 11155 ||| Stepping ~*~*~tactically~*~*~ (stealth).
 11156 | Lair:3   | 11156 ||| Stepping ~*~*~tactically~*~*~ (stealth).
 11164 | Lair:3   | 11164 ||| Stepping ~*~*~tactically~*~*~ (stealth).
 11165 | Lair:3   | 11165 ||| INVOKING Heroism.
 11186 | Lair:3   | 11186 ||| Stepping ~*~*~tactically~*~*~ (hiding).
 11226 | Lair:3   | 11226 ||| Stepping ~*~*~tactically~*~*~ (stealth).
 11227 | Lair:3   | 11227 ||| Stepping ~*~*~tactically~*~*~ (stealth).
 11385 | Lair:3   | 11385 ||| Stepping ~*~*~tactically~*~*~ (stealth).
 11418 | Lair:3   | Noticed Snorg
 11419 | Lair:3   | 11419 ||| INVOKING Heroism.
 11420 | Lair:3   | 11420 ||| INVOKING Finesse.
 11439 | Lair:3   | Killed Snorg
 11682 | Lair:3   | Noticed qw's ghost (journeyman MiHu)
 11777 | Lair:3   | 11777 ||| Stepping ~*~*~tactically~*~*~ (hiding).
 11816 | Lair:3   | 11816 ||| INVOKING Heroism.
 11824 | Lair:3   | Reached skill level 14 in Axes
 11998 | Lair:3   | 11998 ||| DROPPING ring of wizardry.
 11999 | Lair:3   | 11999 ||| DRINKING 4 purple potions.
 12000 | Lair:3   | 12000 ||| DRINKING 6 potions of curing.
 12000 | Lair:3   | 12000 ||| (to cure confusion)
 12001 | Lair:3   | 12001 ||| DROPPING 3 potions of ambrosia.
 12140 | Lair:4   | 12140 ||| Stepping ~*~*~tactically~*~*~ (stealth).
 12143 | Lair:4   | 12143 ||| Stepping ~*~*~tactically~*~*~ (stealth).
 12154 | Lair:4   | 12154 ||| FLEEEEING.
 12155 | Lair:4   | 12155 ||| FLEEEEING.
 12156 | Lair:4   | 12156 ||| FLEEEEING.
 12161 | Lair:4   | 12161 ||| INVOKING Heroism.
 12168 | Lair:4   | Received a gift from Okawaru
 12170 | Lair:4   | HP: 18/83 [elephant (7)]
 12171 | Lair:4   | 12171 ||| READING 2 scrolls of teleportation.
 12495 | Lair:4   | 12495 ||| Stepping ~*~*~tactically~*~*~ (stealth).
 12519 | Lair:4   | 12519 ||| INVOKING Heroism.
 12564 | Lair:4   | 12564 ||| Stepping ~*~*~tactically~*~*~ (stealth).
 12565 | Lair:4   | 12565 ||| INVOKING Heroism.
 12566 | Lair:4   | 12566 ||| INVOKING Finesse.
 12580 | Lair:4   | Received a gift from Okawaru
 12714 | Lair:4   | 12714 ||| Stepping ~*~*~tactically~*~*~ (stealth).
 13122 | Lair:4   | 13122 ||| DROPPING +1 pair of gloves.
 13139 | Lair:5   | Entered Level 5 of the Lair of Beasts
 13148 | Lair:5   | 13148 ||| INVOKING Heroism.
 13170 | Lair:5   | Received a gift from Okawaru
 13170 | Lair:5   | HP: 15/84 [yak (10)]
 13171 | Lair:5   | 13171 ||| READING scroll of teleportation.
 13173 | Lair:5   | Reached skill level 6 in Throwing
 13173 | Lair:5   | Gained mutation: Your large and strong wings let you fly.
                  | [Gargoyle growth]
 13173 | Lair:5   | Reached XP level 14. HP: 16/90 MP: 21/21
 13294 | Lair:5   | 13294 ||| Stepping ~*~*~tactically~*~*~ (stealth).
 13295 | Lair:5   | 13295 ||| INVOKING Heroism.
 13431 | Lair:5   | 13431 ||| INVOKING Heroism.
 13432 | Lair:5   | 13432 ||| INVOKING Finesse.
 13437 | Lair:5   | 13437 ||| SWAPPING to +1 demon whip of venom.
 13443 | Lair:5   | 13443 ||| SWAPPING to +4 broad axe.
 13507 | Lair:5   | 13507 ||| INVOKING Heroism.
 13508 | Lair:5   | 13508 ||| INVOKING Finesse.
 13517 | Lair:5   | 13517 ||| SWAPPING to +1 demon whip of venom.
 13523 | Lair:5   | 13523 ||| Stepping ~*~*~tactically~*~*~ (stealth).
 13524 | Lair:5   | 13524 ||| SWAPPING to +4 broad axe.
 13610 | Lair:5   | 13610 ||| Stepping ~*~*~tactically~*~*~ (stealth).
 13611 | Lair:5   | 13611 ||| INVOKING Heroism.
 13614 | Lair:5   | 13614 ||| INVOKING Finesse.
 13615 | Lair:5   | 13615 ||| INVOKING Finesse.
 13625 | Lair:5   | 13625 ||| Stepping ~*~*~tactically~*~*~ (stealth).
 13626 | Lair:5   | 13626 ||| Stepping ~*~*~tactically~*~*~ (stealth).
 13658 | Lair:5   | 13658 ||| Stepping ~*~*~tactically~*~*~ (stealth).
 13661 | Lair:5   | 13661 ||| INVOKING Heroism.
 13671 | Lair:5   | Received a gift from Okawaru
 13681 | Lair:5   | HP: 19/90 [goliath frog (11)]
 13682 | Lair:5   | HP: 7/90 [electric eel/bolt of electricity (3)]
 13683 | Lair:5   | Reached skill level 15 in Axes
 13683 | Lair:5   | HP: 3/90 [electric eel/bolt of electricity (3)]
 13690 | Lair:5   | Slain by a tyrant leech

Levels and vault maps discovered:
D:1:      tarquinn_simple_flora_water_c, layout_basic,
          hellmonk_ecumenical_altar_zigzags
D:2:      layout_loops_ring
D:3:      kennysheep_goblin_castle, layout_basic
D:4:      layout_loops_ring, fedhas_altar_2, minmay_temple_entry_crystal_x,
          gup_sewer_entry_spiral
D:5:      layout_layer_cave, nicolae_kite_square_tiling_tiny, st_stairs_6
D:6:      layout_loops_ring, kennysheep_mini_moat
D:7:      layout_rooms, kiku_gazebo_pond_becter, serial_shops,
          nicolae_stop_n_shop_1, nicolae_stop_n_shop_1, nicolae_shop_trees,
          uniq_maggie, uniq_prince_ribbit1, uniq_menkaure
D:8:      layout_basic
D:9:      layout_loops_corners, lightli_temple_of_fire,
          erik_lair_orcish_takeover, nicolae_fountain_basement
Temple:   eino_wide_crystal_templ
Lair:1:   layout_misc_corridors, portal_ice_cave_entry_pillars_1,
          patterned_corridor, uniq_fannar
Lair:2:   layout_long_grid, minmay_shoals_entry_lonely_mermaid,
          spider_nest_entry_rubble, grunt_forest_stairs_clearing,
          infiniplex_staircase_pool
Lair:3:   regret_index_bee_streams, layout_loops_ring,
          ebering_ghost_inner_flame, lemuel_fruit_tree, uniq_amaemon, uniq_snorg
Lair:4:   layout_loops_ring, grunt_megastairs_3
Lair:5:   minmay_lair_end_frog_pond, layout_loops_ring,
          minmay_slime_entry_pillars

Skill      XL: |  1  2  3  4  5  6  7  8  9 10 11 12 13 14 |
---------------+-------------------------------------------+-----
Axes           | 2 3 5 6 7 8 9 11 12 13 14 15 | 15.0
Fighting       | 4 6 7 8 9 10 11 | 11.5
Dodging        | 1 2 |  2.0
Throwing       | 1 3 6 |  6.0
Armour         | 4 5 7 9 10 | 10.0
Invocations    | 2 4 6 10 | 10.0
Shields        | 4 5 6 7 |  7.0

Action                     |  1- 3 |  4- 6 |  7- 9 | 10-12 | 13-15 || total
---------------------------+-------+-------+-------+-------+-------++-------
  Melee: War axe           |    59 |   131 |   134 |       |       ||   324
         Broad axe         |       |       |    29 |   571 |   385 ||   985
         Demon whip        |       |       |       |    11 |    10 ||    21
  Throw: Boomerang         |       |    91 |    58 |    36 |       ||   185
         Javelin           |       |       |       |    11 |    20 ||    31
 Invoke: Heroism           |       |       |     7 |    21 |    13 ||    41
         Finesse           |       |       |       |     1 |     5 ||     6
    Use: Scroll            |     4 |     8 |     6 |    11 |     2 ||    31
         Potion            |       |     1 |     4 |     3 |     2 ||    10
 Armour: Scale mail        |    22 |    49 |       |       |       ||    71
         Chain mail        |       |    29 |   101 |     1 |       ||   131
         Plate armour      |       |       |       |   342 |   241 ||   583
  Dodge: Dodged            |    29 |    65 |    90 |   356 |   228 ||   768
  Block: Buckler           |    10 |    19 |    30 |   140 |   116 ||   315

Table legend:
 A = Non-vault XP
 B = Vault XP
 C = Vault XP percentage of total XP
 D = Non-vault monster count
 E = Vault monster count
 F = Vault count percentage of total count
                 A         B        C        D         E       F
            +---------+---------+-------+---------+---------+-------
      Total |   43552 |   18905 |  30.3 |     282 |     110 |  28.1
            +---------+---------+-------+---------+---------+-------
        D:1 |      32 |       0 |   0.0 |      18 |       0 |   0.0
        D:2 |      87 |       0 |   0.0 |      23 |       0 |   0.0
        D:3 |     325 |      58 |  15.1 |      21 |      12 |  36.4
        D:4 |     234 |      17 |   6.8 |      19 |       6 |  24.0
        D:5 |     661 |     255 |  27.8 |      15 |       2 |  11.8
        D:6 |     977 |       0 |   0.0 |      13 |       0 |   0.0
        D:7 |    1277 |     820 |  39.1 |      26 |       3 |  10.3
        D:8 |    1371 |       0 |   0.0 |      29 |       0 |   0.0
        D:9 |    3172 |     721 |  18.5 |      19 |      10 |  34.5
     Lair:1 |    4272 |     902 |  17.4 |      18 |       1 |   5.3
     Lair:2 |    5090 |    2029 |  28.5 |      14 |       8 |  36.4
     Lair:3 |    6454 |    7532 |  53.9 |      19 |      50 |  72.5
     Lair:4 |   12403 |    1247 |   9.1 |      31 |       2 |   6.1
     Lair:5 |    7197 |    5324 |  42.5 |      17 |      16 |  48.5
            +---------+---------+-------+---------+---------+-------
